AoeStats
← DamosReload2202

Arena

507975862Analyzed
2v2 RM · 12d ago on Sep 20, 2026· 40m 1s· 4 players
Game mode
Random Map
Map size
Medium (4 player)
Population
200
Speed
Normal
Resources
Standard
Victory
Conquest
Starting age
Dark Age
Ending age
Imperial Age
RankedLock teamsTeams togetherTeam positionsShared explorationLock speedFull tech treeHidden civsTurbo modeCheats
Victory
Defeat
🇹🇷 Romans · Türkiye
1157
+17
🇹🇷 Spanish · Türkiye
1156
+17
🇪🇸 Burgundians · Spain
1186
-17
🇫🇷 Burmese · France
1182
-17
皮蛋不是蛋
10:56 Feudal Age
15:23 Castle Age
13:47 Stone Mining
14:16 Double-Bit Axe
14:45 Horse Collar
15:28 Gold Mining
16:45 Heavy Plow
23:10 Bow Saw
26:38 Wheelbarrow
27:18 Stone Shaft Mining
30:50 Imperial Age
30:25 Ballistics
31:01 Padded Archer Armor
32:53 Two-Man Saw
32:58 Chemistry
31:30 Elite Conquistador
32:32 Leather Archer Armor
33:00 Hand Cart
33:27 Husbandry
34:17 Hand Cart
34:25 Bloodlines
33:40 Cavalier
34:56 Ring Archer Armor
34:03 Light Cavalry
35:26 Scale Barding Armor
35:05 Hussar
37:48 Chain Barding Armor
38:28 Forging
39:39 Plate Barding Armor
花生厚片
11:12 Feudal Age
14:46 Castle Age
12:56 Double-Bit Axe
13:22 Horse Collar
15:59 Bow Saw
15:51 Heavy Plow
21:59 Wheelbarrow
22:55 Gold Mining
22:59 Stone Mining
24:12 Hand Cart
26:59 Gold Shaft Mining
28:56 Imperial Age
26:37 Ballistas
27:09 Scale Mail Armor
27:19 Forging
28:40 Chain Mail Armor
27:55 Pikeman
28:35 Squires
28:49 Squires
28:12 Man-at-Arms
28:20 Man-at-Arms
29:19 Heavy Scorpion
30:23 Conscription
31:06 Iron Casting
29:56 Halberdier
32:58 Ballistics
33:38 Chemistry
32:47 Siege Engineers
33:47 Chemistry
33:22 Loom
33:24 Town Watch
34:24 Ballistics
38:19 Blast Furnace
37:56 Crop Rotation
37:45 Light Cavalry
38:35 Bloodlines
38:26 Husbandry
39:58 Scale Barding Armor
DamosReload2202
7:23 Loom
12:36 Feudal Age
13:18 Town Watch
16:30 Castle Age
14:52 Horse Collar
15:17 Stone Mining
15:58 Gold Mining
18:10 Wheelbarrow
23:16 Fletching
25:55 Heavy Plow
26:55 Hand Cart
30:43 Imperial Age
27:52 Elite Skirmisher
29:13 Bodkin Arrow
30:23 Padded Archer Armor
31:51 Conscription
32:14 Crop Rotation
33:38 Town Patrol
33:57 Bracer
34:20 Ballistics
34:15 Masonry
35:25 Bloodlines
35:16 Husbandry
36:27 Onager
38:18 Pikeman
38:58 Squires
39:21 Forging
39:12 Scale Mail Armor
39:01 Man-at-Arms
39:01 Halberdier
diegosbrocca
0:48 Loom
4:33 Double-Bit Axe
10:34 Feudal Age
11:28 Bow Saw
14:14 Loom
17:40 Castle Age
17:42 Light Cavalry
22:31 Two-Man Saw
21:24 Gold Mining
22:21 Horse Collar
24:11 Wheelbarrow
26:21 Hand Cart
26:36 Heavy Plow
30:46 Imperial Age
28:55 Scale Barding Armor
28:53 Padded Archer Armor
28:44 Fletching
29:31 Crop Rotation
28:32 Elite Skirmisher
29:58 Ballistics
30:11 Husbandry
30:49 Chain Barding Armor
29:52 Cavalier
30:43 Stone Mining
31:27 Forging
31:35 Leather Archer Armor
31:15 Bodkin Arrow
32:40 Chemistry
32:01 Fortified Wall
Connection lost

Rejoining the realm…

Still unreachable

The connection could not be restored.

Session expired

The server has moved on; the page needs a fresh start.